 Dungeon Crawl Stone Soup version 0.22.1-1-ga44c0e5 (webtiles) character file.

506 PlayerOfArmor the Cudgeler (level 7, -1/74 HPs)
             Began as an Ogre Berserker on Oct 4, 2018.
             Was a Priest of Trog.
             Slain by an orc
             ... wielding a +0 club
              (3 damage)
             ... while paralysed
             ... on level 5 of the Dungeon.
             The game lasted 00:08:38 (3401 turns).

PlayerOfArmor the Cudgeler (Ogre Berserker)         Turns: 3401, Time: 00:08:39

Health: -1/74      AC:  3    Str: 22    XL:     7   Next: 18%
Magic:  7/7        EV:  1    Int:  8    God:    Trog [***...]
Gold:   210        SH:  0    Dex: 10    Spells: 6/6 levels left

rFire    . . .     SeeInvis .   y - +0 giant club
rCold    . . .     Gourm    .   (shield currently unavailable)
rNeg     . . .     Faith    .   b - +0 animal skin
rPois    .         Spirit   .   (helmet restricted)
rElec    .         Reflect  .   (no cloak)
rCorr    .         Harm     .   (gloves unavailable)
MR       .....                  (boots unavailable)
Stlth    +.........             (no amulet)
HPRegen  0.22/turn              (no ring)
MPRegen  0.10/turn              (no ring)

@: paralysed, berserk cooldown, slowed
A: large, unfitting armour, tough skin 1
a: Berserk, Trog's Hand, Renounce Religion


You were on level 5 of the Dungeon.
You worshipped Trog.
Trog was most pleased with you.
You were hungry.

You visited 1 branch of the dungeon, and saw 5 of its levels.

You collected 210 gold pieces.

Inventory:

Hand Weapons
 y - a +0 giant club (weapon)
Armour
 b - a +0 animal skin (worn)
Jewellery
 e - a +2 ring of evasion {unknown}
Wands
 m - a wand of flame (29)
 p - a wand of iceblast (10)
Scrolls
 d - a scroll of blinking {unknown}
 g - 6 scrolls of remove curse {unknown}
 j - 2 scrolls of teleportation {unknown}
 r - 3 scrolls of fog {unknown}
 s - a scroll of immolation {unknown}
 t - 2 scrolls of identify {unknown}
 u - a scroll of amnesia {unknown}
 v - a scroll of enchant weapon {unknown}
 w - a scroll of fear {unknown}
Potions
 f - 2 potions of agility {unknown}
 h - 3 potions of ambrosia {unknown}
 i - 5 potions of curing {unknown}
 l - a potion of brilliance {unknown}
 n - a potion of haste {unknown}
 o - a potion of magic {unknown}
 q - a potion of resistance {unknown}
Comestibles
 c - 8 rations
 x - 4 chunks of flesh


   Skills:
 + Level 5.7 Fighting
 * Level 6.6 Maces & Flails
 - Level 2.6 Dodging


You had 6 spell levels left.
You didn't know any spells.
Your spell library was empty.

Dungeon Overview and Level Annotations

Branches:
Dungeon (5/15)
 Temple: D:4-7

Altars:
Makhleb
The Shining One

Shops:
D:4 *


Innate Abilities, Weirdness & Mutations

You are too large for most types of armour.
You have tough skin. (AC +1)


Message History

You feel a bit more experienced.
You closely miss the orc. The orc closely misses you.
You completely miss the orc. The orc closely misses you.
You thump the orc!
You kill the orc!
Trog accepts your kill.
The orc zaps a wand.
You easily resist.
It is a wand of paralysis (11).
Items here: )) ? [ †† You sock the orc!
You kill the orc!
Trog accepts your kill.
You closely miss the orc. You barely miss the orc.
The orc hits you but does no damage.
You barely miss the orc. The orc hits you with a club.
* * * LOW HITPOINT WARNING * * *
You hit the orc but do no damage.
You are no longer berserk.
You pass out from exhaustion.
You feel yourself slow down. The orc hits you with a club.
You die...

# #.........
#.#.........
.#.........
..........
###.........
#...........
#...Fo..#
#o############ #@#
#.......#
#.####.......#
#............#
#............#
#............#
#............# ##
#...÷........#
###.###..........).#
.................###


You could see an orc.

Vanquished Creatures
  An ice beast (D:5)
  An ogre (D:5)
  A bullfrog (D:5)
  A scorpion (D:4)
  A howler monkey (D:2)
  An orc wizard (D:5)
  5 adders
  2 oozes
  3 worms (D:2)
  3 leopard geckos
  11 orcs
  A ball python (D:4)
  5 bats
  2 giant cockroaches
  6 goblins
  7 hobgoblins
  9 jackals
  8 kobolds
  3 quokkas (D:4)
  5 frilled lizards
  A giant cockroach zombie (D:4)
  6 rats
83 creatures vanquished.

Notes
Turn   | Place    | Note
-------+----------+-------------------------------------------
     0 | D:1      | PlayerOfArmor the Ogre Berserker began the quest for the
                  | Orb.
     0 | D:1      | Reached XP level 1. HP: 24/24 MP: 1/1
   165 | D:1      | Reached skill level 3 in Maces & Flails
   165 | D:1      | Reached XP level 2. HP: 28/32 MP: 2/2
   342 | D:1      | Found a glowing golden altar of the Shining One.
   881 | D:2      | Reached XP level 3. HP: 25/40 MP: 3/3
  1588 | D:2      | Reached XP level 4. HP: 32/49 MP: 4/4
  1629 | D:2      | Reached skill level 4 in Maces & Flails
  1767 | D:2      | Reached skill level 5 in Fighting
  1929 | D:3      | Reached XP level 5. HP: 50/57 MP: 5/5
  2307 | D:3      | Reached ** piety under Trog
  2614 | D:4      | Reached skill level 5 in Maces & Flails
  2670 | D:4      | Found Etomiesm's General Store.
  2760 | D:4      | Reached XP level 6. HP: 50/66 MP: 6/6
  2993 | D:4      | Found a burning altar of Makhleb.
  3180 | D:5      | Entered Level 5 of the Dungeon
  3189 | D:5      | Noticed an ice beast
  3201 | D:5      | Killed an ice beast
  3206 | D:5      | Reached skill level 6 in Maces & Flails
  3379 | D:5      | Reached XP level 7. HP: 47/74 MP: 7/7
  3390 | D:5      | HP: 2/111 [something (5)]
  3392 | D:5      | Reached *** piety under Trog
  3400 | D:5      | HP: 3/111 [orc/club (1)]
  3401 | D:5      | Slain by an orc

Skill      XL: |  1  2  3  4  5  6 |
---------------+-------------------+-----
Maces & Flails | 3 4 5 6 |  6.6
Fighting       | 5 |  5.7
Dodging        | |  2.6

Action                   |  1- 3 |  4- 6 |  7- 9 || total
-------------------------+-------+-------+-------++-------
Melee: Mace              |    95 |    42 |       ||   137
       Flail             |       |   128 |       ||   128
       Giant club        |       |    26 |    20 ||    46
Invok: Berserk           |     1 |     1 |     1 ||     3
 Stab: Sleeping          |       |     1 |       ||     1
  Eat: Chunk             |     3 |     7 |       ||    10
Armor: Animal skin       |    27 |    47 |     4 ||    78
Dodge: Dodged            |    58 |   153 |     3 ||   214
